 Dungeon Crawl Stone Soup version 0.27.1-2-g3b301248ec (webtiles) character file.

Game seed: 15005969488603553919

44 vvl the Poker (level 3, -2/29 HPs)
             Began as a Merfolk Fighter on Sept 28, 2021.
             Slain by an adder (4 damage)
             ... on level 3 of the Dungeon.
             The game lasted 00:03:24 (1373 turns).

vvl the Poker (Merfolk Fighter)                     Turns: 1373, Time: 00:03:25

Health: -2/29      AC:  6    Str: 17    XL:     3   Next: 62%
Magic:  4/4        EV:  8    Int:  7    God:
Gold:   104        SH:  9    Dex: 13    Spells: 3/3 levels left

rFire    . . .     SeeInvis .   a - +0 trident
rCold    . . .     Faith    .   c - +0 kite shield
rNeg     . . .     Spirit   .   k - +0 ring mail
rPois    .         Reflect  .   l - +0 helmet
rElec    .         Harm     .   (no cloak)
rCorr    .         Rampage  .   (no gloves)
Will     .....                  (no boots)
Stlth    +.........             (no amulet)
HPRegen  0.09/turn              (no ring)
MPRegen  0.09/turn              (no ring)

@: lethally poisoned (-2 -> -5), flying
A: (nimble swimmer 2), mertail
a: no special abilities


You were on level 3 of the Dungeon.
You visited 1 branch of the dungeon, and saw 3 of its levels.

You collected 104 gold pieces.

Inventory:

Hand Weapons
 a - a +0 trident (weapon)
Armour
 c - a +0 kite shield (worn)
 k - a +0 ring mail (worn)
 l - a +0 helmet (worn)
Scrolls
 e - 4 scrolls of identify {unknown}
 f - a scroll of blinking {unknown}
 g - 2 scrolls of immolation {unknown}
 h - 2 scrolls of fear {unknown}
 i - 3 scrolls of enchant armour {unknown}
Potions
 d - a potion of might


   Skills:
 + Level 3.5 Fighting
 * Level 3.6 Polearms
 + Level 2.2 Armour
 + Level 0.8 Dodging
 + Level 3.1 Shields
 + Level 0.6 Spellcasting
 + Level 0.3 Summonings
 + Level 0.7 Transmutations
 + Level 0.6 Ice Magic
 + Level 0.8 Invocations


You had 3 spell levels left.
You didn't know any spells.
Your spell library was empty.

Dungeon Overview and Level Annotations

Branches:
Dungeon (3/15)

Altars:
Trog
Vehumet

Annotations:
D:3 Robin


Innate Abilities, Weirdness & Mutations

((You are quick and stealthy near water. (Stealth+, EV+, Speed+++)))
Your lower body shifts to a powerful aquatic tail in water.


Message History

The goblin is heavily wounded.
You block the goblin's attack.
Robin roars a battlecry!
The goblins go into a battle-frenzy!
The adder closely misses you. The goblin hits you but does no damage.
Unknown command.
You barely miss the goblin.
The goblin is heavily wounded.
You block the adder's attack. You block the goblin's attack.
The adder barely misses you.
Unknown command.
You hit the goblin.
You kill the goblin!
The goblin no longer looks unusually strong.
The adder barely misses you. Robin throws the goblin at you!
You block the goblin's attack. The adder bites you but does no damage.
You hit the goblin.
You kill the goblin!
The adder barely misses you. The adder bites you.
* * * LOW HITPOINT WARNING * * *
You are lethally poisoned!
The adder poisons you!
Unknown command.
Unknown command.
It was a potion of curing.
You feel better.
The quokka twitches its whiskers.
The adder bites you.
* * * LOW HITPOINT WARNING * * *
You are lethally poisoned!
The adder poisons you!
It was a potion of flight.
You feel very buoyant.
You fly up into the air.
* * * LOW HITPOINT WARNING * * *
You feel sick. The adder closely misses you. Robin throws the goblin at you!
* * * LOW HITPOINT WARNING * * *
You barely miss the goblin.
* * * LOW HITPOINT WARNING * * *
You feel sick. The adder bites you.
You die...

..... ## .....## #..
.....###..#. ....g.......
#.#.°...☼... #.##)..☼....
....######g##○§_.....
.......g@Sr.....○....
.....#########..§☼....
#......## #..#..... .#
.[......######............
.........##....##.........
..........................
.............##....#......
.........#####..#.#.......
.........# .#..#.......


You could see Robin, an adder, a quokka and a goblin (strong).

Vanquished Creatures
  An adder (D:2)
  2 dart slugs
  An endoplasm (D:1)
  3 hobgoblins
  2 quokkas (D:2)
  4 ball pythons
  A bat (D:1)
  2 frilled lizards (D:1)
  10 goblins
  2 kobolds (D:3)
28 creatures vanquished.

Vanquished Creatures (others)
  A goblin (D:3)
  2 hobgoblins (D:3)
  2 plants (D:3)
5 creatures vanquished.

Grand Total: 33 creatures vanquished

Notes
Turn   | Place    | Note
-------+----------+-------------------------------------------
     0 | D:1      | vvl the Merfolk Fighter began the quest for the Orb.
     0 | D:1      | Reached XP level 1. HP: 18/18 MP: 1/1
   190 | D:1      | Reached XP level 2. HP: 19/24 MP: 2/2
   844 | D:2      | Reached XP level 3. HP: 27/29 MP: 3/3
  1023 | D:2      | Found a bloodstained altar of Trog.
  1143 | D:2      | Found a faded altar of an unknown god.
  1333 | D:3      | Found a radiant altar of Vehumet.
  1337 | D:3      | Noticed Robin
  1373 | D:3      | Slain by an adder

Illustrated notes

Levels and vault maps discovered:
D:1:      shiori_arrival_oz, layout_rooms
D:2:      layout_rooms, ebering_ecumenical_altar_hall, basic_altar, hex_medium
D:3:      cheibrodos_old_hovel, layout_rooms, fiery_altar_vehumet,
          mainiacjoe_overflow_divided_tiny, grunt_ministairs_15, uniq_ijyb,
          uniq_robin

Action                   || total
-------------------------++-------
Melee: Trident           ||    93
  Use: Potion            ||     2
Armor: Scale mail        ||    10
       Ring mail         ||    26
Dodge: Dodged            ||    32
Block: Kite shield       ||    44
